 Dungeon Crawl Stone Soup version 0.20.1-1-g8b1a95d (webtiles) character file.

1084 Imonibus the Spear-Bearer (level 8, -2/61 HPs)
             Began as a Merfolk Gladiator on Oct 8, 2017.
             Was a Believer of Nemelex Xobeh.
             Slain by an orc warrior
             ... wielding a +0 mace
              (4 damage)
             ... on level 6 of the Dungeon.
             The game lasted 00:20:52 (5826 turns).

Imonibus the Spear-Bearer (Merfolk Gladiator)       Turns: 5826, Time: 00:20:52

Health: -2/61      AC:  4    Str: 16      XL:     8   Next: 30%
Magic:  8/8        EV: 18    Int:  6 (7)  God:    Nemelex Xobeh [**....]
Gold:   261        SH:  0    Dex: 16      Spells: 7/7 levels left

rFire    . . .     SeeInvis .   a - +0 trident
rCold    + . .     Gourm    .   (no shield)
rNeg     . . .     Faith    .   i - +1 leather armour {rF+}
rPois    .         Spirit   .   (no helmet)
rElec    .         Reflect  .   (no cloak)
rCorr    .         Harm     .   (no gloves)
MR       .....                  (no boots)
Stlth    ++........             (no amulet)
Regen    0.2/turn               C - ring of wizardry
MPRegen  0.2/turn               H - ring of ice

@: no status effects
A: change form in water, swift swim, stealthy swim, deterioration 1, robust 1,
wild magic 1, MP-powered wands
a: Renounce Religion


You were on level 6 of the Dungeon.
You worshipped Nemelex Xobeh.
Nemelex Xobeh was pleased with you.
You were not hungry.

You visited 1 branch of the dungeon, and saw 6 of its levels.

You collected 261 gold pieces.

Inventory:

Hand Weapons
 a - a +0 trident (weapon)
 e - a +0 dagger
 l - a +0 whip
 p - a +2 dagger of draining
 t - a +0 short sword
 F - a +0 shortbow
Missiles
 d - 3 throwing nets (quivered)
 f - 41 poisoned needles
Armour
 b - a +0 leather armour
 c - a +0 helmet
 h - a +0 robe
 i - a +1 leather armour of fire resistance (worn)
 j - a +0 leather armour
 m - a +0 chain mail
 q - a +0 large shield
 w - a +0 leather armour of cold resistance
Jewellery
 C - a ring of wizardry (left hand)
 H - a ring of ice (right hand)
Wands
 G - a wand of iceblast (9/15)
Scrolls
 o - 2 scrolls of teleportation
 r - 2 scrolls of identify
 x - 3 scrolls of remove curse
 z - a scroll of noise
 A - a scroll of fear
 B - a scroll of magic mapping
Potions
 g - 3 potions of curing
 u - 3 potions of haste
 v - 2 potions of might
 J - a potion of berserk rage {unknown}
Books
 I - a book of Maledictions

   Spells                             Type                      Level
   a - Corona                         Hexes                        1
   b - Ensorcelled Hibernation        Hexes/Ice                    2
   c - Confuse                        Hexes                        3
   d - Tukima's Dance                 Hexes                        3
   e - Dazzling Spray                 Conjuration/Hexes            3
Miscellaneous
 k - a plain deck of summoning {drawn: 10}
 s - a plain deck of destruction {drawn: 4}
 y - a plain deck of destruction {drawn: 4}
 D - a plain deck of escape {drawn: 2}
Comestibles
 n - 3 fruits
 E - 2 royal jellies


   Skills:
 - Level 2.2 Fighting
 - Level 10.0 Polearms
 - Level 2.1 Throwing
 * Level 9.7 Dodging
 - Level 0.8 Stealth
 - Level 0.7 Invocations


You had 7 spell levels left.
You didn't know any spells.

Dungeon Overview and Level Annotations

Branches:
Dungeon (6/15)
 Temple: D:4-7

Altars:
Gozag
Nemelex Xobeh
Uskayaw


Innate Abilities, Weirdness & Mutations

You revert to your normal form in water.
You are very nimble and swift while swimming.
You are very stealthy in the water. (Stealth+)
Your body sometimes deteriorates upon taking damage.
You are robust. (+10% HP)
Your spells are a little harder to cast, but a little more powerful.
You expend magic power (3 MP) to strengthen your wands.


Message History

You puncture the jelly!
Your hands burn!
The jelly is heavily wounded.
The jelly misses you.
You hit the jelly.
Your hands burn!
The jelly is almost dead.
The jelly completely misses you.
You hit the jelly but do no damage.
Your hands burn!
The jelly is almost dead.
You puncture the jelly!
You kill the jelly!
You feel your dexterity returning. The orc warrior hits you with a mace!
* * * LOW HITPOINT WARNING * * *
You hit the orc warrior but do no damage.
The orc warrior hits you with a mace!
* * * LOW HITPOINT WARNING * * *
Your leather armour prevents you from hitting the orc warrior.
You closely miss the orc warrior. The orc warrior hits you with a mace.
You die...
Your body glows slightly and disappears.

#..#.# #...... #..#.###
#...... #..#...##
#......
#.).....#######......
####....#.......##......
.....).o....###.##......
.....##.##..#.#.##......
.### #o##....#.........
#.##@##.##.#...#####.
#.........†.......##.
####....#..###.##.##.
#...................##.
#.####.....##.....##...
............#.##...
.######.####.#.##... #
..# #.#.##... ### # #...


You could see an orc warrior and an orc.

Vanquished Creatures
  2 sky beasts
  2 black bears
  A centaur (D:5)
  A scorpion (D:5)
  A howler monkey (D:4)
  A crimson imp (D:5)
  2 hounds (D:4)
  A jelly (D:6)
  3 iguanas
  A worker ant (D:6)
  A hound skeleton (D:5)
  A gnoll (D:3)
  7 adders
  An ooze (D:5)
  An adder skeleton (D:5)
  4 worms
  4 dart slugs
  4 leopard geckos
  8 orcs
  4 bats
  4 giant cockroaches
  6 hobgoblins
  2 jackals (D:3)
  3 quokkas
  5 frilled lizards
  6 goblins
  3 kobolds
  2 quokka skeletons
  6 rats
87 creatures vanquished.

Vanquished Creatures (collateral kills)
  2 orc priests
  An orc wizard (D:3)
  An adder (D:2)
  2 worms (D:2)
  A leopard gecko (D:5)
  4 orcs
  3 bats (D:2)
  2 goblins
  2 hobgoblins
  3 jackals (D:2)
  4 kobolds
25 creatures vanquished.

Vanquished Creatures (others)
  A howler monkey (D:5)
  2 gnolls (D:3)
  A shadow imp (D:5)
  An orc (D:3)
  A giant cockroach (D:3)
  A rat (D:1)
7 creatures vanquished.

Grand Total: 119 creatures vanquished

Notes
Turn   | Place    | Note
-------+----------+-------------------------------------------
     0 | D:1      | Imonibus the Merfolk Gladiator began the quest for the Orb.
     0 | D:1      | Reached XP level 1. HP: 16/16 MP: 1/1
   170 | D:1      | Reached XP level 2. HP: 21/22 MP: 2/2
   173 | D:1      | Reached skill level 5 in Polearms
   407 | D:1      | Found a sparkling altar of Nemelex Xobeh.
   418 | D:1      | Became a worshipper of Nemelex Xobeh the Trickster
   533 | D:1      | Received a gift from Nemelex Xobeh
   800 | D:2      | Reached XP level 3. HP: 27/27 MP: 3/3
  1024 | D:2      | Reached skill level 6 in Polearms
  1200 | D:2      | Reached XP level 4. HP: 12/33 MP: 4/4
  1347 | D:2      | Received a gift from Nemelex Xobeh
  1555 | D:2      | Reached * piety under Nemelex Xobeh
  1696 | D:3      | Reached skill level 7 in Polearms
  1703 | D:3      | Gained mutation: You are robust. (+10% HP) [potion of mutation]
  1703 | D:3      | Gained mutation: You have a pair of small antennae on your head. [potion of mutation]
  1703 | D:3      | Gained mutation: Your body sometimes deteriorates upon taking damage. [potion of mutation]
  1703 | D:3      | Gained mutation: Your spells are a little harder to cast, but a little more powerful. [potion of mutation]
  2041 | D:3      | Reached XP level 5. HP: 36/41 MP: 5/5
  2359 | D:3      | Reached skill level 8 in Polearms
  3359 | D:4      | Noticed a black bear
  3370 | D:4      | Killed a black bear
  3370 | D:4      | Reached skill level 9 in Polearms
  3370 | D:4      | Reached XP level 6. HP: 14/48 MP: 6/6
  3605 | D:4      | Received a gift from Nemelex Xobeh
  3777 | D:4      | Found an opulent altar of Gozag.
  3817 | D:4      | Reached skill level 10 in Polearms
  4276 | D:4      | Found a hide-covered altar of Uskayaw.
  4310 | D:5      | Entered Level 5 of the Dungeon
  4313 | D:5      | Noticed a rust devil
  4359 | D:5      | Reached skill level 5 in Dodging
  4359 | D:5      | Reached XP level 7. HP: 11/55 MP: 7/7
  4686 | D:5      | Received a gift from Nemelex Xobeh
  4709 | D:5      | Reached ** piety under Nemelex Xobeh
  5154 | D:5      | Lost mutation: You have a pair of small antennae on your head. [potion of mutation]
  5154 | D:5      | Lost mutation: Your spells are a little harder to cast, but a little more powerful. [potion of mutation]
  5154 | D:5      | Gained mutation: You expend magic power (3 MP) to strengthen your wands. [potion of mutation]
  5154 | D:5      | Gained mutation: Your spells are a little harder to cast, but a little more powerful. [potion of mutation]
  5710 | D:6      | Reached XP level 8. HP: 61/61 MP: 8/8
  5824 | D:6      | HP: 1/61 [orc warrior/mace (12)]
  5826 | D:6      | Slain by an orc warrior

Skill      XL: |  1  2  3  4  5  6  7  8 |
---------------+-------------------------+-----
Polearms       | 5 6 7 9 10 | 10.0
Dodging        | 5 8 9 |  9.7
Fighting       | |  2.2
Throwing       | |  2.1
Stealth        | |  0.8
Invocations    | |  0.7

Action                   |  1- 3 |  4- 6 |  7- 9 || total
-------------------------+-------+-------+-------++-------
Melee: Trident           |    83 |   202 |   134 ||   419
Evoke: Deck              |     4 |     9 |     7 ||    20
  Use: Potion            |     7 |     1 |     2 ||    10
       Scroll            |     6 |     4 |     2 ||    12
 Stab: Invisible         |     1 |       |       ||     1
       Sleeping          |     1 |       |       ||     1
  Eat: Bread ration      |     1 |     1 |       ||     2
       Fruit             |       |     2 |       ||     2
       Meat ration       |       |       |     1 ||     1
Armor: Leather armour    |    19 |    44 |    29 ||    92
Dodge: Dodged            |    64 |   132 |    91 ||   287
